 BcadrenCrawl: Boulder Brew version 0.06-688-g08e91b2d95 (webtiles) character file.

Game seed: 18381847629083253719

11 Leeroy the Sneak (level 2, 18/18 HPs) Kobold Vine Stalker. Began on Jan 29, 2023. Got out of the dungeon alive. The game lasted 00:00:52 (259 turns).

Leeroy the Sneak (Kobold Vine Stalker)               Turns: 259, Time: 00:00:53

Health: 18/18      AC:  4    Str: 10    XL:     2 ^: 13
Magic:  5/5        EV: 16    Int: 12    God:
Gold:   24         SH:  0    Dex: 14    Spells: 2/3 levels left

rFire    . . .     Slash    x   a - +1 dagger
rCold    . . .     Pierce   .   (weapon restricted)
rNeg     . . .     Bludgeon .   b - +0 leather armour
rCorr    . . .     Vision   .   (no helmet)
rPois    .         Gourm    .   (no cloak)
rElec    .         Faith    .   c - +0 pair of gloves
MR       .....     Spirit   +   (no boots)
HPRegen  0.16/turn Reflect  .   (no amulet)
MPRegen  0.15/turn Harm     .   (no ring)
Stlth    +++.......             (no ring)

@: no status effects
A: small, fangs, carnivore, magic shield, antimagic bite, no potion heal, rot
immunity, soft flesh
a: no special abilities


You escaped.
You were completely stuffed.

You visited 1 branch of the dungeon, and saw 1 of its levels.

You collected 24 gold pieces.

Inventory:

Weapons
 a - a +1 dagger (weapon)
Armour
 b - a +0 leather armour (worn)
 c - a +0 pair of gloves (worn)
Jewellery
 e - an uncursed amulet of harm
Scrolls
 g - a scroll of summoning
Comestibles
 d - 2 rations
 f - 2 chunks of flesh


   Skills:
 + Level 2.4 Short Blades
 + Level 4.1 Dodging
 + Level 5.4 Stealth
 + Level 1.0 Spellcasting
 + Level 2.0 Hexes


You had 2 spell levels left.
You knew the following spells:

 Your Spells              Type           Power        Failure   Level  Hunger
a - Magic Candle          Hex/Fire       3 (90)       22%         1    28-48

Your spell library contained the following spells:

 Spells                   Type           Power        Failure   Level  Hunger
 Ensorcelled Hibernation Hex/Ice 3 (50) 34% 2 68-108 Confuse Hex 5 (100) 41% 3 108-168 Tukima's Dance Hex 5 (100) 41% 3 108-168 Blinding Spray Hex/Pois 3 (50) 56% 3 108-168 Fulminant Prism Hex            5 (200)      83%         4    188-288


Dungeon Overview and Level Annotations

Branches:
Dungeon (1/8)

Altars:


Innate Abilities, Weirdness & Mutations

You are small and have problems with some larger weapons.
You have razor-sharp fangs.
You are carnivorous and can eat meat at any time.
When hurt, damage is shared between your health and your magic reserves.
Your bite disrupts and absorbs the magic of your enemies.
Potions cannot restore your health.
You are immune to rotting.
Your soft flesh is weak to deep cuts.
Heavy manmade armour will nullify this weakness. (rSlashing-)


Message History

You kill the rat!
You see here a rat corpse.
g - a scroll of summoning There isn't anything here!
You see here a rat corpse.
You butcher the rat corpse.
f - 2 chunks of flesh (gained 1)
You see here a rat skeleton.
Found a scroll of vulnerability.
A dart slug comes into view.
Wield which item (- for none, * to show all)? (? for menu, Esc to quit)
Okay, then.
Sorry, you're not good enough to have a special ability.
A dart slug is nearby!
You can't go up here!
You see here a +0 robe.
There is an open door here.
There is a staircase leading out of the dungeon here.
Are you sure you want to leave the Dungeon?
This will make you lose the game!
You have escaped!

#####
########...#
#.....##.8.#
#..@..##...#
#.....##...#
#.....##.≈.#
#.....'..≈.#
#.....##.≈.#
#.....##.≈.#
..w#. ...
#.....##...###
..#..?...
########.....#
.....#..
#######.#


There were no monsters in sight!

Vanquished Creatures
  2 dart slugs (D:1)
  A leopard gecko (D:1)
  A kobold (D:1)
  3 rats (D:1)
7 creatures vanquished.

Notes
Turn   | Place    | Note
-------+----------+-------------------------------------------
     0 | D:1      | Leeroy the Kobold Vine Stalker began the quest for the Orb.
     0 | D:1      | Reached XP level 1. HP: 13/13 MP: 4/4
    44 | D:1      | Reached XP level 2. HP: 2/18 MP: 1/5
   259 | D:$      | Got out of the dungeon alive.

Illustrated notes

Levels and vault maps discovered:
D:1:      dpeg_arrival_rooms_c, layout_cave_pools, minmay_misc_feat_four_crosses

Skill      XL: |  1 |
---------------+----+-----
Dodging        | 4 |  4.1
Short Blades   | |  2.4
Stealth        | |  5.4
Spellcasting   | |  1.0
Hexes          | |  2.0

Action                   || total
-------------------------++-------
Melee: Dagger            ||    21
       Unarmed           ||    17
       Tailslap          ||     8
 Stab: Sleeping          ||     2
  Eat: Chunk             ||     6
Armor: Leather armour    ||     3
Dodge: Dodged            ||     7
